 Dungeon Crawl Stone Soup version 0.29.1-1-gd02db6906a (webtiles) character file.

Game seed: 5184784400557665624

133 Earthwalker the Trooper (level 5, -1/47 HPs)
             Began as a Hill Orc Abyssal Knight on Oct 9, 2022.
             Was an Elder of Lugonu.
             Slain by a kobold brigand
             ... wielding a +0 short sword
              (7 damage)
             ... in a sewer.
             The game lasted 00:07:55 (2752 turns).

Earthwalker the Trooper (Hill Orc Abyssal Knight)   Turns: 2752, Time: 00:07:56

Health: -1/47      AC:  4    Str: 18    XL:     5   Next: 16%
Magic:  7/7        EV: 11    Int: 10    God:    Lugonu [****..]
Gold:   127        SH:  0    Dex: 11    Spells: 4/4 levels left

rFire   . . .      SeeInvis .   a - +1 hand axe
rCold   . . .      Faith    .   (no shield)
rNeg    . . .      Spirit   .   b - +1 leather armour
rPois   .          Reflect  .   (no helmet)
rElec   .          Harm     .   (no cloak)
rCorr   .          Rampage  .   (no gloves)
Will    .....                   (no boots)
Stlth   +.........              (no amulet)
HPRegen 0.15/turn               (no ring)
MPRegen 0.10/turn               (no ring)

@: no status effects
A: no striking features
a: Renounce Religion, Depart the Abyss, Bend Space, Banish, Corrupt


You were in a sewer.
You worshipped Lugonu.
Lugonu was greatly pleased with you.
You visited 1 branch of the dungeon, and saw 3 of its levels.
You visited the Abyss 1 time.
You also visited: Sewer.

You collected 127 gold pieces.

Inventory:

Hand Weapons
 a - a +1 hand axe (weapon)
Missiles
 g - 13 poisoned darts
Armour
 b - a +1 leather armour (worn)
 i - the +0 ring mail of the Farmer {rC+}
   (You found it on level 2 of the Dungeon)

   rC:        It protects you from cold.
Jewellery
 c - a ring of ice
Scrolls
 d - a scroll of fog
 f - a scroll of blinking
 h - 3 scrolls of teleportation
 m - a scroll of magic mapping
Potions
 e - a potion of might {unknown}
 j - a potion of magic {unknown}
 k - a potion of flight {unknown}
 l - a potion of berserk rage {unknown}


   Skills:
 * Level 4.8 Fighting
 * Level 4.5 Axes
 + Level 2.5 Armour
 * Level 1.3 Dodging
 * Level 1.2 Shields
 * Level 3.1 Invocations


You had 4 spell levels left.
You didn't know any spells.
Your spell library contained the following spells:

 Spells                   Type           Power      Damage    Failure   Level
 Summon Guardian Golem    Hex/Summ       0%         N/A       80%         3
 Orb of Destruction       Conj           0%         9d5       100%        7
 Spellforged Servitor     Conj/Summ      0%         N/A       100%        7


Dungeon Overview and Level Annotations

Branches:
Dungeon (3/15)              Sewer (1/1)

Altars:


Message History

The bat zombie hits you but does no damage.
The bat zombie barely misses you. x2
The kobold brigand hits you with a +0 short sword!
Unknown command.
You hit the kobold brigand.
The kobold brigand is severely wounded.
You barely miss the bat zombie. The bat zombie closely misses you.
The bat zombie misses you. The bat zombie barely misses you.
The kobold brigand hits you with a +0 short sword.
You hit the kobold brigand.
The kobold brigand is almost dead.
You hit the bat zombie. The bat zombie barely misses you.
The bat zombie misses you. The bat zombie closely misses you.
The kobold brigand misses you. The bat zombie closely misses you.
You hit the kobold brigand.
The kobold brigand is almost dead.
You hit the bat zombie.
You destroy the bat zombie!
Lugonu accepts your kill.
The kobold brigand hits you with a +0 short sword.
You closely miss the kobold brigand.
The kobold brigand is almost dead.
The kobold brigand closely misses you.
You completely miss the kobold brigand.
The kobold brigand is almost dead.
The kobold brigand hits you with a +0 short sword!
* * * LOW HITPOINT WARNING * * *
Unknown command.
You hit the kobold brigand but do no damage.
The kobold brigand is almost dead.
The kobold brigand hits you but does no damage.
You hit the kobold brigand but do no damage.
The kobold brigand is almost dead.
The kobold brigand hits you with a +0 short sword.
* * * LOW HITPOINT WARNING * * *
You barely miss the kobold brigand.
The kobold brigand is almost dead.
The kobold brigand hits you but does no damage.
The kobold brigand hits you with a +0 short sword!
You die...

### ######### #≈~ ≈≈≈≈~≈~#.
#≈. ≈≈≈≈≈≈≈.. #≈. ~≈~~≈~≈#.
##~##################.
#≈~.)K.≈≈≈≈≈≈≈≈ #.
#~~)#@≈≈≈≈≈≈≈≈≈≈≈≈≈≈#.
#~~.#.~~≈≈≈≈≈≈≈≈≈≈≈≈#.
#≈.K#..≈≈≈≈≈≈≈≈≈≈≈≈≈#.
#≈~K#..~≈≈≈≈≈≈≈≈≈≈≈≈#†
#≈†.#...~≈≈≈~≈≈~≈≈~ #.
##.####.#≈###≈≈#~####.
#...#~≈.............#.
._K⌠.'...≈≈≈≈.......)...†).
ZK...#...#≈≈.............#.


You could see a kobold brigand.

Vanquished Creatures
  Jessica (D:2)
  A river rat (D:3)
  2 ufetubi (Sewer)
  4 worms
  2 dart slugs (D:1)
  6 bats
  A bat zombie (Sewer)
  4 endoplasms
  2 giant cockroaches (D:1)
  2 goblins (D:1)
  9 hobgoblins
  18 kobolds
  3 quokkas
  6 ball pythons
  2 frilled lizards (D:1)
  10 rats
73 creatures vanquished.

Notes
Turn   | Place    | Note
-------+----------+-------------------------------------------
     0 | Abyss:1  | Earthwalker the Hill Orc Abyssal Knight began the quest for
                  | the Orb.
     0 | Abyss:1  | Reached XP level 1. HP: 19/19 MP: 2/2
    60 | D:1      | Escaped the Abyss
   241 | D:1      | Reached XP level 2. HP: 23/27 MP: 3/3
   296 | D:1      | Reached skill level 1 in Dodging
   492 | D:1      | Reached XP level 3. HP: 33/33 MP: 5/5
   592 | D:1      | Reached *** piety under Lugonu
   596 | D:1      | Found a faded altar of an unknown god.
  1153 | D:2      | Noticed Jessica
  1161 | D:2      | Killed Jessica
  1162 | D:2      | Reached skill level 1 in Shields
  1162 | D:2      | Reached XP level 4. HP: 34/41 MP: 6/6
  1530 | D:2      | Identified the +0 ring mail of the Farmer {rC+}
  2184 | D:3      | Found a glowing drain.
  2245 | Sewer    | Entered a sewer
  2385 | Sewer    | Reached XP level 5. HP: 33/47 MP: 7/7
  2692 | Sewer    | Reached **** piety under Lugonu
  2720 | Sewer    | Found an ancient bone altar of Kikubaaqudgha.
  2720 | Sewer    | Noticed a kobold brigand
  2752 | Sewer    | Slain by a kobold brigand

Illustrated notes

Levels and vault maps discovered:
D:1:      minmay_arrival_arboretum_small, layout_basic,
          ebering_ecumenical_altar_box, minmay_misc_feat_roman,
          minmay_nonomino_d4
D:2:      layout_basic, roderic_lattice_a, minmay_split_cup_small, uniq_jessica
D:3:      layout_loops_ring, nicolae_wu_jian_wuxing_cycle,
          cheibrodos_sewer_entry_sluice, hangedman_decor_points
Sewer:    kennysheep_sewer_church

Skill      XL: |  1  2  3  4 |
---------------+-------------+-----
Fighting       | 4 |  4.8
Axes           | 3 4 |  4.5
Dodging        | 1 |  1.3
Shields        | 1 |  1.2
Invocations    | 3 |  3.1
Armour         | |  2.5

Action                   |  1- 3 |  4- 6 || total
-------------------------+-------+-------++-------
Melee: Hand axe          |   105 |   118 ||   223
       Punch             |     1 |     1 ||     2
  Use: Scroll            |     4 |     3 ||     7
 Stab: Sleeping          |     1 |     1 ||     2
Armor: Leather armour    |    26 |    38 ||    64
Dodge: Dodged            |    58 |    91 ||   149
